 Dungeon Crawl Stone Soup version 0.29.1-2-gbd0b4ee654 (webtiles) character file.

Game seed: 8179486780947867177

111 kingsuperguy the Chopper (level 4, 0/41 HPs)
             Began as a Hill Orc Monk on Nov 20, 2022.
             Killed from afar by Blork the orc (8 damage)
             ... with a puff of frost
             ... on level 4 of the Dungeon.
             The game lasted 00:05:33 (4531 turns).

kingsuperguy the Chopper (Hill Orc Monk)            Turns: 4531, Time: 00:05:34

Health: 0/41       AC:  5    Str: 15    XL:     4   Next: 92%
Magic:  4/4        EV: 11    Int: 10    God:
Gold:   108        SH:  0    Dex: 13    Spells: 3/3 levels left

rFire   . . .      SeeInvis .   u - +0 war axe
rCold   . . .      Faith    .   (no shield)
rNeg    . . .      Spirit   .   j - +0 ring mail
rPois   .          Reflect  .   (no helmet)
rElec   .          Harm     .   (no cloak)
rCorr   .          Rampage  .   (no gloves)
Will    .....                   (no boots)
Stlth   ..........              (no amulet)
HPRegen 0.13/turn               (no ring)
MPRegen 0.09/turn               (no ring)

@: confused, ambrosia-drunk
A: no striking features
a: no special abilities


You were on level 4 of the Dungeon.
You visited 1 branch of the dungeon, and saw 4 of its levels.

You collected 108 gold pieces.

Inventory:

Hand Weapons
 a - a +0 hand axe
 u - a +0 war axe (weapon)
Missiles
 v - 2 curare-tipped darts (quivered)
Armour
 b - a +0 robe
 i - a +0 leather armour
 j - a +0 ring mail (worn)
Jewellery
 s - a ring of willpower
 t - a ring of protection from fire
 x - a ring of protection from cold
Scrolls
 d - 3 scrolls of fear {unknown}
 f - 3 scrolls of teleportation {unknown}
 h - a scroll of fog {unknown}
 l - 2 scrolls of brand weapon {unknown}
 m - a scroll of noise {unknown}
 n - a scroll of amnesia {unknown}
 o - 2 scrolls of identify {unknown}
 r - a scroll of immolation {unknown}
 w - a scroll of blinking {unknown}
Potions
 e - a potion of mutation {unknown}
 g - a potion of curing {unknown}
 k - a potion of cancellation {unknown}
 p - 2 potions of heal wounds {unknown}
 q - a potion of invisibility {unknown}


   Skills:
 + Level 4.3 Fighting
 + Level 5.6 Axes
 + Level 1.8 Armour
 + Level 2.7 Dodging
 + Level 1.8 Stealth


You had 3 spell levels left.
You didn't know any spells.
Your spell library contained the following spells:

 Spells                   Type           Power      Damage    Failure   Level
 Freeze                   Ice            0%         1d3       58%         1
 Ensorcelled Hibernation  Hex/Ice        0%         N/A       73%         2
 Passwall                 Tmut/Erth      0%         N/A       73%         2
 Frozen Ramparts          Ice            0%         1d1       91%         3
 Ozocubu's Armour         Ice            0%         N/A       91%         3
 Spider Form              Tmut/Pois      0%         N/A       91%         3
 Swiftness                Air            0%         N/A       91%         3
 Anguish                  Hex/Necr       0%         N/A       100%        4
 Hailstorm                Conj/Ice       0%         3d3       100%        4
 Ozocubu's Refrigeration  Ice            0%         4d7       100%        7
 Chain Lightning          Conj/Air       0%         N/A       100%        9
 Fire Storm               Conj/Fire      0%         5d1       100%        9
 Shatter                  Erth           0%         3d5*      100%        9


Dungeon Overview and Level Annotations

Branches:
Dungeon (4/15)
 Temple: D:4-7

Altars:
Ashenzari
Cheibriados
Hepliaklqana
Wu Jian

Annotations:
D:4 Blork the orc


Message History

You closely miss the ball python.
The ball python is severely wounded.
The ball python bites you but does no damage.
The ball python constricts you.
You slash the ball python!
You kill the ball python!
No target in view!
f - 3 scrolls labelled XOPNUB RASI (gained 1)
Found a scroll labelled KOMUD DOLI.
You hear the slow rusting of a very distant drain.
l - 2 scrolls labelled KOMUD DOLI (gained 1)
You see here a +0 robe.
You see here a +0 club.
You see here a +0 club.
As you open the door, it creaks loudly!
Found an escape hatch in the ceiling.
There is an open door here.
You hear the slow rusting of a drain nearby.
You open the door.
Blork the orc comes into view.
He is wielding a +2 vorpal hand axe.
Blork the orc shouts!
You closely miss Blork the orc.
Blork the orc points at you and mumbles some strange words.
The puff of frost hits you.
You barely miss Blork the orc.
Blork the orc hits you with a +2 vorpal hand axe. x2
You slash Blork the orc!
Blork the orc is moderately wounded.
Blork the orc hits you with a +2 vorpal hand axe!
* * * LOW HITPOINT WARNING * * *
You are confused.
You feel invigorated.
Blork the orc hits you with a +2 vorpal hand axe!
* * * LOW HITPOINT WARNING * * *
x2 Blork the orc attacks as you move away!
Blork the orc hits you with a +2 vorpal hand axe.
* * * LOW HITPOINT WARNING * * *
x2 Blork the orc casts a spell at you.
The puff of frost hits you!
You die...

#..#.#.###.#
##.#)#.....#
#...#.##############
##....# ####.......#
##>..# #..........
#####..# #....<....
#......###.....###
#.####...'....o'.#
#####....@#.#
####### #


You could see Blork the orc.

Vanquished Creatures
  4 adders
  3 worms
  3 dart slugs (D:1)
  5 ball pythons
  2 bats (D:1)
  4 endoplasms
  4 giant cockroaches
  9 goblins
  7 hobgoblins
  4 jackals (D:1)
  3 kobolds
  A quokka (D:2)
  3 frilled lizards
  4 rats
56 creatures vanquished.

Notes
Turn   | Place    | Note
-------+----------+-------------------------------------------
     0 | D:1      | kingsuperguy the Hill Orc Monk began the quest for the Orb.
     0 | D:1      | Reached XP level 1. HP: 19/19 MP: 1/1
    53 | D:1      | Reached XP level 2. HP: 24/27 MP: 2/2
   526 | D:1      | Reached XP level 3. HP: 29/33 MP: 3/3
  1294 | D:2      | Found a faded altar of an unknown god.
  1303 | D:2      | Reached skill level 5 in Axes
  1410 | D:2      | Reached XP level 4. HP: 16/40 MP: 4/4
  2038 | D:2      | Reached skill level 1 in Armour
  3522 | D:3      | Found a snail-covered altar of Cheibriados.
  4020 | D:3      | Found a hazy altar of Hepliaklqana.
  4020 | D:3      | Found an ornate altar of the Wu Jian Council.
  4020 | D:3      | Found a broken altar of Ashenzari.
  4525 | D:4      | Noticed Blork the orc
  4530 | D:4      | HP: 1/41 [Blork the orc/+2 vorpal hand axe (2)]
  4531 | D:4      | Killed from afar by Blork the orc

Illustrated notes

Levels and vault maps discovered:
D:1:      dpeg_arrival_signposts, layout_rooms, minmay_cut_off
D:2:      layout_basic, basic_ecumenical_altar
D:3:      layout_basic, gammafunk_temple_overflow_claw, cheibrodos_worm_habitat,
          nrook_mini_vaults, hex_large, st_stairs_3
D:4:      cheibrodos_pilgrimage, layout_basic, portal_sewer_entry_a,
          uniq_natasha, uniq_pikel, uniq_blork_the_orc, uniq_robin

Skill      XL: |  1  2  3  4 |
---------------+-------------+-----
Fighting       | 4 |  4.3
Axes           | 5 |  5.6
Armour         | 1 |  1.8
Dodging        | |  2.7
Stealth        | |  1.8

Action                   |  1- 3 |  4- 6 || total
-------------------------+-------+-------++-------
Melee: Hand axe          |    90 |    57 ||   147
       War axe           |       |    40 ||    40
       Punch             |       |     2 ||     2
  Use: Potion            |       |     1 ||     1
 Stab: Sleeping          |     1 |       ||     1
Armor: Robe              |     8 |       ||     8
       Leather armour    |    10 |     7 ||    17
       Ring mail         |       |    27 ||    27
Dodge: Dodged            |    75 |    43 ||   118
